 Dungeon Crawl Stone Soup version 0.25.1-9-gc5326a611f (webtiles) character file.

Game seed: 3970631904569564815

158 Destapler the Poker (level 5, 0/63 HPs)
             Began as a Merfolk Berserker on Dec 31, 2020.
             Was a Believer of Trog.
             Succumbed to Ijyb's poison gas
             ... on level 4 of the Dungeon.
             The game lasted 00:10:11 (3112 turns).

Destapler the Poker (Merfolk Berserker)             Turns: 3112, Time: 00:10:13

Health: 0/63       AC:  3    Str: 24    XL:     5   Next: 40%
Magic:  5/5        EV: 14    Int:  6    God:    Trog [**....]
Gold:   178        SH:  0    Dex: 14    Spells: 4/4 levels left

rFire    . . .     SeeInvis .   o - +2 short sword (vamp)
rCold    . . .     Gourm    .   (no shield)
rNeg     . . .     Faith    .   l - +0 leather armour
rPois    .         Spirit   .   (no helmet)
rElec    .         Reflect  .   (no cloak)
rCorr    .         Harm     .   (no gloves)
MR       ++...                  (no boots)
Stlth    ..........             j - amulet of regeneration
HPRegen  1.60/turn              (no ring)
MPRegen  0.09/turn              i - +6 ring of strength

@: berserking, lethally poisoned (0 -> -48), regenerating, very quick
A: change form in water, swift swim, stealthy swim
a: Berserk, Trog's Hand, Renounce Religion


You were on level 4 of the Dungeon.
You worshipped Trog.
Trog was pleased with you.
You were very hungry.

You visited 1 branch of the dungeon, and saw 4 of its levels.

You collected 178 gold pieces.

Inventory:

Hand Weapons
 a - a +0 spear
 o - a +2 vampiric short sword (weapon)
Missiles
 g - 47 poisoned darts (quivered)
 n - 6 atropa-tipped darts
Armour
 b - a +0 animal skin
 l - a +0 leather armour (worn)
 m - a +0 kite shield
Jewellery
 i - a +6 ring of strength (right hand)
 j - an amulet of regeneration (around neck)
Scrolls
 d - a scroll of identify
 e - 2 scrolls of teleportation
Potions
 f - 3 potions of curing
 h - a potion of degeneration {unknown}
 k - a potion of haste {unknown}
 p - 2 potions of might {unknown}
 q - a potion of berserk rage {unknown}
Comestibles
 c - 6 rations


   Skills:
 + Level 4.1 Fighting
 + Level 5.5 Polearms
 + Level 0.7 Throwing
 + Level 2.2 Armour
 + Level 4.1 Dodging
 + Level 1.1 Stealth
 + Level 0.7 Shields


You had 4 spell levels left.
You didn't know any spells.
Your spell library was empty.

Dungeon Overview and Level Annotations

Branches:
Dungeon (4/15)
 Temple: D:4-7

Altars:
Ashenzari
Cheibriados

Annotations:
D:4 Eustachio, Ijyb


Message History

You are engulfed in poison gas.
You are lethally poisoned!
* * * LOW HITPOINT WARNING * * *
x2 You feel very sick.
Ijyb hits you with a +3 vampiric dagger.
* * * LOW HITPOINT WARNING * * *
You completely miss Ijyb.
Ijyb is heavily wounded.
You are engulfed in poison gas.
You are more poisoned.
You are feeling very hungry.
* * * LOW HITPOINT WARNING * * *
You feel very sick. Ijyb closely misses you.
You barely miss Ijyb.
Ijyb is heavily wounded.
You are engulfed in poison gas.
You are more poisoned.
* * * LOW HITPOINT WARNING * * *
You die...

#### #.. #g#
#@# #§#
####§####.#
#####..§§§....#
#.........#####
#.###.#...# #.#
#.#####
#####.###.####
##............#


You could see Ijyb.

Vanquished Creatures
  An orc priest (D:3)
  4 adders (D:3)
  2 worms (D:2)
  A dart slug (D:1)
  A leopard gecko (D:1)
  7 orcs (D:3)
  10 bats
  11 giant cockroaches
  3 goblins
  6 hobgoblins
  4 jackals
  6 kobolds
  4 quokkas
  2 ball pythons (D:3)
  3 frilled lizards
  8 rats
73 creatures vanquished.

Notes
Turn   | Place    | Note
-------+----------+-------------------------------------------
     0 | D:1      | Destapler the Merfolk Berserker began the quest for the
                  | Orb.
     0 | D:1      | Reached XP level 1. HP: 18/18 MP: 1/1
   392 | D:1      | Reached XP level 2. HP: 21/24 MP: 2/2
  1222 | D:2      | Reached XP level 3. HP: 29/29 MP: 3/3
  1539 | D:2      | Reached ** piety under Trog
  1632 | D:2      | Reached skill level 5 in Polearms
  1688 | D:2      | Found a shattered altar of Ashenzari.
  2275 | D:3      | Reached XP level 4. HP: 27/37 MP: 4/4
  2430 | D:3      | Reached XP level 5. HP: 37/42 MP: 5/5
  2546 | D:3      | Reached skill level 1 in Stealth
  2823 | D:3      | Reached *** piety under Trog
  2931 | D:4      | Noticed Eustachio
  3071 | D:4      | Found a snail-covered altar of Cheibriados.
  3101 | D:4      | Noticed Ijyb
  3112 | D:4      | Succumbed to Ijyb's poison gas

Illustrated notes

Levels and vault maps discovered:
D:1:      dpeg_arrival_fog, layout_loops_ring, serial_park_tiny_pond
D:2:      layout_basic, nicolae_ashenzari_panopticon,
          hangedman_decor_clover_reticule, minmay_pentomino_t4
D:3:      layout_rooms, grunt_ministairs_8
D:4:      layout_loops_ring, kennysheep_mini_moat,
          nicolae_overflow_crystal_walls, serial_shops, shop, shop, uniq_robin,
          uniq_eustachio, uniq_ijyb

Skill      XL: |  1  2  3  4  5 |
---------------+----------------+-----
Dodging        | 3 4 |  4.1
Polearms       | 5 |  5.5
Armour         | 2 |  2.2
Fighting       | 4 |  4.1
Stealth        | 1 |  1.1
Throwing       | |  0.7
Shields        | |  0.7

Action                   |  1- 3 |  4- 6 || total
-------------------------+-------+-------++-------
Melee: Spear             |   155 |   124 ||   279
       Short sword       |       |     5 ||     5
Invok: Berserk           |     7 |     2 ||     9
       Trog's Hand       |       |     2 ||     2
  Use: Scroll            |     2 |     1 ||     3
       Potion            |       |     1 ||     1
 Stab: Sleeping          |     2 |       ||     2
  Eat: Chunk             |    11 |     4 ||    15
Armor: Animal skin       |    28 |    15 ||    43
       Leather armour    |       |     1 ||     1
Dodge: Dodged            |    66 |   100 ||   166
